 Dungeon Crawl Stone Soup version 0.32-a0-660-g97ce250973 (webtiles) character file.

Game seed: 1008466947339327985

23594 Gargoyl the Cleaver (level 13, -1/126 HPs)
             Began as a Gargoyle Berserker on Mar 9, 2024.
             Was an Elder of Trog.
             Slain by Rupert
             ... wielding a +2 great sword of flaming
              (30 damage)
             ... on level 3 of the Lair of Beasts.
             The game lasted 00:18:23 (11945 turns).

Gargoyl the Cleaver (Gargoyle Berserker)           Turns: 11945, Time: 00:18:23

Health: -1/126     AC: 26    Str: 27    XL:     13   Next: 7%
Magic:  13/13      EV: 13    Int: 13    God:    Trog [****..]
Gold:   939        SH:  0    Dex: 12    Spells: 12/12 levels left

rFire   + + +        A - +2 hand axe (elec)
rCold   + + .        (no shield)
rNeg    + . .        z - +0 scale mail of the Heron {rF+ Str+3}
rPois   ∞            x - +2 helmet
rElec   +            i - scarf {rC+ rF+}
rCorr   .            j - +0 pair of gloves "Loeckeal" {rC+ Str+4}
SInv    +            f - +2 pair of boots
Will    .....        (no amulet) Stlth
                     k - ring of see invisible
HPRegen 0.41/turn    d - ring of protection from fire
MPRegen 0.13/turn

%: clarity
@: berserking (expiring), very quick
A: sickness immunity, AC +9, negative energy resistance 1, electricity
resistance, torment resistance 1, petrification resistance, hooves 1, clarity,
clever 1
a: Renounce Religion, Berserk, Trog's Hand, Brothers in Arms


You were on level 3 of the Lair of Beasts.
You worshipped Trog.
Trog was greatly pleased with you.
You visited 2 branches of the dungeon, and saw 14 of its levels.

You collected 939 gold pieces.

Inventory:

Hand Weapons
 m - a +3 trident of draining
 u - a +4 war axe of flaming
 A - a +2 hand axe of electrocution (weapon)
 F - a +0 antimagic broad axe
Missiles
 p - 45 poisoned darts (quivered)
 s - 3 throwing nets
Armour
 f - a +2 pair of boots (worn)
 i - a scarf of resistance (worn)
 j - the +0 pair of gloves "Loeckeal" (worn) {rC+ Str+4}
   (You found it on level 2 of the Dungeon)

   Str+4:     It affects your strength (+4).
   rC+:       It protects you from cold.
 x - a +2 helmet (worn)
 z - the +0 scale mail of the Heron (worn) {rF+ Str+3}
   (You found it on level 7 of the Dungeon)

   Str+3:     It affects your strength (+3).
   rF+:       It protects you from fire.
Jewellery
 d - a ring of protection from fire (right hand)
 k - a ring of see invisible (left hand)
 o - a ring of ice
 D - a +4 ring of protection
 E - a +6 ring of intelligence
 N - an amulet of guardian spirit
Wands
 e - a wand of polymorph (16)
 n - a wand of light (23)
 v - a wand of charming (10)
 w - a wand of flame (27)
Scrolls
 g - 3 scrolls of fear
 h - 7 scrolls of teleportation
 t - a scroll of fog
 y - 2 scrolls of revelation
 H - a scroll of vulnerability
 I - a scroll of enchant armour
Potions
 a - 2 potions of ambrosia
 b - a potion of cancellation
 c - 4 potions of curing
 l - a potion of heal wounds
 q - a potion of magic
 r - 2 potions of might
 B - 2 potions of lignification
 C - 2 potions of haste
 J - a potion of mutation
 L - a potion of enlightenment {unknown}
 O - a potion of invisibility {unknown}
Miscellaneous
 G - a phial of floods


   Skills:
 + Level 11.0 Fighting
 + Level 14.4 Axes
 + Level 0.6 Throwing
 + Level 9.3 Armour
 + Level 6.8 Dodging
 + Level 3.2 Stealth


You had 12 spell levels left.
You didn't know any spells.
Your spell library was empty.

Dungeon Overview and Level Annotations

Branches:
Dungeon (11/15)            Temple (0/1) D:6            Lair (3/5) D:11
    Orc (0/2) D:10
  Swamp: Lair:2-3    Shoals: Lair:2-3     Snake: Lair:2-3    Spider: Lair:2-3

Altars:
Dithmenos
Elyvilon
Fedhas
Gozag
Kikubaaqudgha
Okawaru
Qazlal
Ru
Uskayaw
Wu Jian
Yredelemnul
Zin
Jiyva

Shops:
D:8 =

Annotations:
D:11 2 transporters
Lair:3 Rupert


Innate Abilities, Weirdness & Mutations

You are immune to sickness and miasma.
Your stone body is resilient. (AC +9)
You are immune to poison.
You resist negative energy. (rN+)
You are resistant to electric shocks. (rElec)
You are resistant to unholy torment.
You are immune to petrification.
You have large cloven feet.
You possess an exceptional clarity of mind.
Your mind is acute. (Int +4, Str/Dex -1)


Message History

The ten-headed hydra bites you! x2
The ten-headed hydra bites you but does no damage.
You closely miss Rupert.
Rupert is moderately wounded.
You lop one of the ten-headed hydra's heads off!
The nine-headed hydra grows two more!
You hit the 11-headed hydra.
Rupert hits you with a +2 great sword of flaming!!
Rupert burns you.
Unknown command.
You barely miss Rupert.
Rupert is moderately wounded.
You hack one of the 11-headed hydra's heads off!
The ten-headed hydra grows two more!
You hit the 12-headed hydra.
The 12-headed hydra completely misses you.
The 12-headed hydra bites you.
The 12-headed hydra bites you but does no damage.
The 12-headed hydra barely misses you. x2
The 12-headed hydra bites you but does no damage.
The 12-headed hydra barely misses you. The 12-headed hydra bites you!
* * * LOW HITPOINT WARNING * * *
The 12-headed hydra bites you.
* * * LOW HITPOINT WARNING * * *
The 12-headed hydra bites you but does no damage. x3
You barely miss Rupert.
Rupert is moderately wounded.
You chop one of the 12-headed hydra's heads off!
The 11-headed hydra grows two more!
You slash the 13-headed hydra!
Rupert hits you with a +2 great sword of flaming.
* * * LOW HITPOINT WARNING * * *
You closely miss Rupert.
Rupert is moderately wounded.
You completely miss the 13-headed hydra.
Unknown command.
You hit Rupert.
Rupert is moderately wounded.
You chop one of the 13-headed hydra's heads off!
The 12-headed hydra grows two more!
You slash the 14-headed hydra!
Rupert hits you with a +2 great sword of flaming!!
You die...
Rupert roars with triumph.

... .~~≈ .....
###.~~#
.......#P..~~#
.............~≈#
#...........#...~~#
#...............~≈##
#...........#@D.~~≈##
#...........@...~~≈~
##................~~~
#P...............P...
#...........P...##...
#:....<...#....# ..
#......#..#....# .
#.................
#...........#......
#...........#...P##>


You could see Rupert (berserk) and a 14-headed hydra.

Vanquished Creatures
  A hydra (Lair:2)
  A centaur warrior (D:9)
  A boulder beetle (D:9)
  4 two-headed ogres
  Pikel (D:5)
  An oklob plant (Lair:2)
  2 manticores (D:11)
  3 elephants (Lair:1)
  3 black mambas
  A gargoyle (D:10)
  Maggie (D:6)
  4 komodo dragons
  Jeremiah (D:8)
  5 cane toads (Lair:2)
  A kobold demonologist (D:11)
  A troll (D:10)
  A polar bear (Lair:2)
  15 blink frogs
  Sigmund (D:4)
  A vampire (D:10)
  2 wraiths
  Eustachio (D:6)
  A basilisk (Lair:2)
  16 yaks
  Grum (D:10)
  A steam dragon (D:8)
  11 water moccasins
  5 orc warriors
  A black bear (D:7)
  A sky beast (D:8)
  2 hornet zombies (D:7)
  3 wolves (D:10)
  A phantom (D:5)
  2 centaurs
  4 lemures (D:5)
  A gnoll sergeant (D:9)
  4 kobold brigands
  5 bullfrogs
  2 scorpions
  17 wights
  A wyvern skeleton (D:7)
  A burial acolyte (D:7)
  A killer bee (D:9)
  A centaur zombie (D:7)
  A bombardier beetle (D:3)
  A bullfrog zombie (D:7)
  2 hounds
  A centaur skeleton (D:7)
  A jelly (D:5)
  2 gnoll boudas (D:7)
  7 orc priests
  A human zombie (D:7)
  A sleepcap (D:7)
  Ijyb (D:4)
  19 orc wizards
  Natasha (thrice) (D:2)
  2 iguanas
  A killer bee zombie (D:7)
  18 gnolls
  7 adders
  A shadow imp (D:7)
  A dart slug (D:5)
  2 ribbon worms
  53 orcs
  3 ball pythons (D:1)
  11 endoplasms
  5 giant cockroaches
  4 goblins
  6 hobgoblins
  6 jackals (D:1)
  21 kobolds
  7 quokkas
  5 bats
  4 frilled lizards
  6 rats
337 creatures vanquished.

Vanquished Creatures (others)
  An orc (D:8)
1 creature vanquished.

Grand Total: 338 creatures vanquished

Notes
Turn   | Place    | Note
-------+----------+-------------------------------------------
     0 | D:1      | Gargoyl the Gargoyle Berserker began the quest for the Orb.
     0 | D:1      | Reached XP level 1. HP: 14/14 MP: 1/1
    87 | D:1      | Reached XP level 2. HP: 16/19 MP: 2/2
   133 | D:1      | Reached skill level 3 in Axes
   401 | D:1      | Reached XP level 3. HP: 22/23 MP: 3/3
   481 | D:1      | Reached ** piety under Trog
  1195 | D:2      | Identified the +0 pair of gloves "Loeckeal" {rC+ Str+4}
  1285 | D:2      | Reached XP level 4. HP: 28/28 MP: 4/4
  1485 | D:2      | Noticed Natasha
  1495 | D:2      | Killed Natasha
  1535 | D:2      | Found a glowing silver altar of Zin.
  1595 | D:2      | Noticed Natasha
  1602 | D:2      | Killed Natasha
  1603 | D:2      | Reached skill level 4 in Axes
  1619 | D:2      | Noticed Natasha
  1631 | D:2      | Killed Natasha
  1632 | D:2      | Reached XP level 5. HP: 22/33 MP: 5/5
  1986 | D:3      | Reached skill level 1 in Stealth
  2089 | D:3      | Reached XP level 6. HP: 37/38 MP: 6/6
  2201 | D:3      | Found a faded altar of an unknown god.
  2399 | D:3      | Reached skill level 5 in Axes
  2588 | D:4      | Noticed Ijyb
  2596 | D:4      | Killed Ijyb
  3140 | D:4      | Noticed Sigmund
  3151 | D:4      | Killed Sigmund
  3152 | D:4      | Reached XP level 7. HP: 44/44 MP: 7/7
  3279 | D:5      | Entered Level 5 of the Dungeon
  3550 | D:5      | Noticed Pikel
  3607 | D:5      | Killed Pikel
  3608 | D:5      | Reached skill level 5 in Fighting
  3608 | D:5      | Reached skill level 6 in Axes
  3608 | D:5      | Reached XP level 8. HP: 49/49 MP: 8/8
  3698 | D:5      | Found a hide-covered altar of Uskayaw.
  3789 | D:5      | Reached skill level 7 in Axes
  3978 | D:5      | Found a blossoming altar of Fedhas.
  4001 | D:5      | Found an opulent altar of Gozag.
  4332 | D:6      | Gained mutation: Your mind is acute. (Int +4, Str/Dex -1)
                  | [potion of mutation]
  4332 | D:6      | Gained mutation: You possess an exceptional clarity of
                  | mind. [potion of mutation]
  4332 | D:6      | Gained mutation: You have large cloven feet. [potion of
                  | mutation]
  4354 | D:6      | Noticed Eustachio
  4397 | D:6      | Found a stormy altar of Qazlal.
  4404 | D:6      | Found a staircase to the Ecumenical Temple.
  4414 | D:6      | Killed Eustachio
  4665 | D:6      | Identified the +0 ring mail of Charity {*Slow Dex+5}
  4665 | D:6      | Noticed Maggie
  4683 | D:6      | Killed Maggie
  4684 | D:6      | Reached skill level 8 in Axes
  4684 | D:6      | Reached XP level 9. HP: 55/55 MP: 9/9
  5048 | D:7      | Found a shadowy altar of Dithmenos.
  5049 | D:7      | Found a white marble altar of Elyvilon.
  5075 | D:7      | Identified the +0 scale mail of the Heron {rF+ Str+3}
  5596 | D:7      | Reached skill level 9 in Axes
  5612 | D:7      | Found a sacrificial altar of Ru.
  5758 | D:7      | Reached *** piety under Trog
  5759 | D:7      | Reached skill level 5 in Armour
  5774 | D:7      | Reached skill level 5 in Dodging
  5785 | D:7      | Found an ancient bone altar of Kikubaaqudgha.
  5894 | D:7      | Reached XP level 10. HP: 61/61 MP: 10/10
  6128 | D:8      | Noticed a two-headed ogre
  6137 | D:8      | Killed a two-headed ogre
  6138 | D:8      | Reached skill level 10 in Axes
  6208 | D:8      | Noticed Jeremiah
  6259 | D:8      | Killed Jeremiah
  6488 | D:8      | Identified the +5 leather armour of Dishonesty {rN+}
  6541 | D:8      | Found Sukelodis's Jewellery Shoppe.
  6991 | D:9      | Found an iron altar of Okawaru.
  7140 | D:9      | Found an ornate altar of the Wu Jian Council.
  7225 | D:9      | Noticed a two-headed ogre
  7235 | D:9      | Killed a two-headed ogre
  7236 | D:9      | Reached skill level 11 in Axes
  7283 | D:9      | Noticed a two-headed ogre
  7295 | D:9      | Killed a two-headed ogre
  7296 | D:9      | Reached XP level 11. HP: 68/68 MP: 11/11
  7366 | D:9      | Found a basalt altar of Yredelemnul.
  7428 | D:9      | Noticed a boulder beetle
  7470 | D:9      | Killed a boulder beetle
  7805 | D:9      | Reached **** piety under Trog
  7819 | D:9      | Noticed a centaur warrior
  7828 | D:9      | Killed a centaur warrior
  7957 | D:10     | Entered Level 10 of the Dungeon
  7974 | D:10     | Noticed Grum
  7988 | D:10     | Killed Grum
  8049 | D:10     | Found a staircase to the Orcish Mines.
  8107 | D:10     | Reached skill level 12 in Axes
  8372 | D:10     | Noticed a two-headed ogre
  8380 | D:10     | Killed a two-headed ogre
  8380 | D:10     | Reached ***** piety under Trog
  8481 | D:10     | Found a glowing silver altar of Zin.
  8762 | D:10     | Received a gift from Trog
  8879 | D:11     | Noticed a manticore
  8887 | D:11     | Killed a manticore
  9262 | D:11     | Found a viscous altar of Jiyva.
  9314 | D:11     | Found a transporter.
  9315 | D:11     | Found a transporter.
  9318 | D:11     | Noticed a glowing orange brain
  9368 | D:11     | Noticed a manticore
  9378 | D:11     | Killed a manticore
  9379 | D:11     | Reached skill level 13 in Axes
  9379 | D:11     | Reached XP level 12. HP: 53/76 MP: 12/12
  9572 | D:11     | Found a staircase to the Lair.
  9768 | Lair:1   | Entered Level 1 of the Lair of Beasts
  9964 | Lair:1   | You fall into a shaft and drop 1 floor!
 10024 | Lair:1   | Reached skill level 10 in Fighting
 10836 | Lair:2   | Noticed a four-headed hydra
 10841 | Lair:2   | Killed a one-headed hydra
 11161 | Lair:2   | Reached skill level 14 in Axes
 11541 | Lair:2   | Reached XP level 13. HP: 81/84 MP: 13/13
 11924 | Lair:3   | Noticed Rupert
 11945 | Lair:3   | Slain by Rupert

Illustrated notes

Levels and vault maps discovered:
D:1:      giann_horns, layout_basic
D:2:      layout_loops_ring, basic_altar, minmay_hexomino_r4, uniq_natasha
D:3:      layout_basic, hellmonk_ecumenical_altar_crossroads, kennysheep_nub
D:4:      layout_loops_cross, nrook_campfire, uniq_ijyb, uniq_sigmund
D:5:      layout_basic, amcnicky_altar_gilded, mainiacjoe_overflow_big_doors,
          uniq_pikel
D:6:      layout_basic, nicolae_qazlal_eye_of_the_storm, uniq_maggie,
          uniq_eustachio
D:7:      layout_basic, lemuel_mausoleum_altar_kikubaaqudgha,
          nicolae_ru_sacrificial_ziggurat, mainiacjoe_overflow_divided_tiny,
          corexii_leaking_fountain, lightli_minifort
D:8:      layout_cave_pools, serial_shops, nicolae_shop_gaudy_bauble,
          serial_column_ruins, column_ruins_columns_straight,
          column_ruins_grid_2, column_ruins_open_tiny, minmay_starry_boxes,
          uniq_jeremiah
D:9:      layout_stronghold, hellmonk_okawaru_the_only_friend_you_need,
          mainiacjoe_overflow_alcove_2, minmay_ruined_shrine
D:10:     layout_roguey, zin_academy, hiddenorc2_lemuel, uniq_grum
D:11:     gammafunk_jiyva_shrine, layout_rooms, grunt_lair_entry_orc_guard_hut,
          chequers_hall_statues_corner_a
Lair:1:   layout_regular_city, serial_bayou_shore_b
Lair:2:   layout_roguey, grunt_megastairs_1
Lair:3:   layout_gridlike, minmay_shoals_entry_hut, guppyfry_snake_entry_garden,
          hibernation_bobbens, uniq_rupert

Skill      XL: |  1  2  3  4  5  6  7  8  9 10 11 12 13 |
---------------+----------------------------------------+-----
Axes           | 3 4 5 6 8 9 11 13 14 | 14.4
Dodging        | 2 3 4 5 6 |  6.8
Fighting       | 4 5 6 8 9 10 11 | 11.0
Stealth        | 1 2 3 |  3.2
Armour         | 3 4 5 6 7 9 |  9.3
Throwing       | |  0.6

Action                     |  1- 3 |  4- 6 |  7- 9 | 10-12 | 13-15 || total
---------------------------+-------+-------+-------+-------+-------++-------
  Melee: Hand axe          |   109 |   168 |   220 |    39 |    47 ||   583
         War axe           |       |       |   117 |   433 |       ||   550
  Throw: Dart              |       |       |     4 |       |       ||     4
 Invoke: Berserk           |     3 |     6 |     8 |    20 |     1 ||    38
         Trog's Hand       |       |     3 |     7 |     8 |       ||    18
    Use: Scroll            |     5 |     2 |     3 |    20 |       ||    30
         Potion            |       |       |     1 |     1 |       ||     2
   Stab: Sleeping          |     1 |     1 |       |       |       ||     2
 Armour: Animal skin       |    89 |    66 |       |       |       ||   155
         Ring mail         |       |    23 |   192 |       |       ||   215
         Scale mail        |       |       |    51 |   366 |    35 ||   452
         Steam dragon scal |       |       |    37 |       |       ||    37
  Dodge: Dodged            |    93 |   111 |   247 |   285 |    20 ||   756

Table legend: (Time is in decaauts)
 A = Elapsed time spent in this place.
 B = Non-inter-level travel time spent in this place.
 C = Inter-level travel time spent in this place.
 D = Time resting spent in this place.
 E = Time spent auto-exploring this place.
 F = Levels seen in this place.
 G = Mean time per level.
                   A        B        C        D        E       F      G
               +--------+--------+--------+--------+--------+-----+--------+
         Total |  12256 |  11923 |    333 |    830 |   8119 |  14 |  875.4 |
       Dungeon |  10080 |   9771 |    309 |    467 |   6690 |  11 |  916.4 |
          Lair |   2176 |   2153 |     23 |    363 |   1429 |   3 |  725.3 |
               +--------+--------+--------+--------+--------+-----+--------+

Top non-repeatable levels by time:
     D:7: 1321 daAuts
     D:9: 1233 daAuts
  Lair:2: 1132 daAuts
     D:5: 1069 daAuts
    D:10: 1037 daAuts
  Lair:1: 1026 daAuts
     D:2: 1022 daAuts
     D:1: 1008 daAuts
    D:11: 811 daAuts
     D:4: 734 daAuts
     D:8: 667 daAuts
     D:3: 637 daAuts
     D:6: 536 daAuts
  Lair:3: 17 daAuts
